cohdb
Replays
Latest Replays
All Replays
Popular Replays
Top Player Replays
Match Explorer
How It Works
Community
CoH3 Stats
Reddit
Sign in to upload your games and track your stats! →
Sign in with Steam
Match 43942400
Unlisted
Match 43942400
Overview
Messages
Build Orders
End
Selects Panzerjäger Kommand Battlegroup
Panzergrenadier Squad
250 Light Carrier
Panzergrenadier Squad
Construct Light Support Kompanie
Selects Mine Fields
2.5-tonne Medical Truck
MG34 Team
Panzerjäger Mechanized Group
Selects Tank Busters
Panzergrenadier Squad
Fire Support Elements
Veteran Squad Leaders
Panzerjäger Mechanized Group
Construct Panzerarmee Kommand
Selects Crew Shock Tactics
Selects Defensive Positions
Walking Stuka Rocket Launcher
Panzerjäger Squad
76561197962546219
Raptortwo
MASTER_YOUR_SLEEP
✠ HOLY DIVER ✠
Epsi
jonnyvibes
EBANATOR
ZeroGhost
0
0
Comments
sign in to comment!
No comments posted yet!